 Dungeon Sprint DCSS version 0.21.1-1-g345015f (webtiles) character file.

0 diana the Slasher (level 1, 0/16 HPs)
             Began as a Demonspawn Gladiator on July 25, 2018.
             Was a Believer of Jiyva.
             Slain by Jessica (3 damage)
             ... in the Dungeon (Sprint VI: "Thunderdome").
             The game lasted 00:01:33 (97 turns).

diana the Slasher (Demonspawn Gladiator)              Turns: 97, Time: 00:01:34

Health: 0/16       AC:  4    Str: 14    XL:     1   Next: 75%
Magic:  1/1        EV: 13    Int:  9    God:    Jiyva [**....]
Gold:   200        SH:  0    Dex: 14    Spells: 0/0 levels left

rFire    . . .     SeeInvis .   a - +0 long sword
rCold    . . .     Gourm    .   (no shield)
rNeg     . . .     Faith    .   b - +0 leather armour
rPois    .         Spirit   .   c - +0 helmet
rElec    .         Reflect  .   (no cloak)
rCorr    .         Harm     .   (no gloves)
MR       .....     NoTele   +   (no boots)
Stlth    +.........             (no amulet)
HPRegen  0.05/turn              (no ring)
MPRegen  0.07/turn              (no ring)

@: no status effects
A: no striking features
a: Request Jelly, Renounce Religion


You were in the Dungeon.
You worshipped Jiyva.
Jiyva was pleased with you.
You were not hungry.

You visited 1 branch You collected 200 gold pieces.

Inventory:

Hand Weapons
 a - a +0 long sword (weapon)
Missiles
 d - 3 throwing nets (quivered)
Armour
 b - a +0 leather armour (worn)
 c - a +0 helmet (worn)
Wands
 l - a wand of acid (5)
 m - a wand of iceblast (5)
Scrolls
 k - 4 scrolls of blinking
 n - 3 scrolls of fog
Potions
 e - a potion of curing
 g - 4 potions of heal wounds
 h - 4 potions of haste
 i - 2 potions of magic
 j - a potion of berserk rage
 o - a potion of resistance
Comestibles
 f - a ration


   Skills:
 + Level 2.3 Fighting
 + Level 3.5 Long Blades
 + Level 2.0 Throwing
 + Level 0.2 Armour
 + Level 3.2 Dodging


You couldn't memorise any spells.
You didn't know any spells.

Dungeon Overview and Level Annotations

Branches:
Dungeon (1/1)

Altars:
Cheibriados
Dithmenos
Fedhas
Gozag
Kikubaaqudgha
Makhleb
Okawaru
Qazlal
Ru
Sif Muna
Trog
Uskayaw
Vehumet
Wu Jian
Xom
Yredelemnul
Zin
The Shining One
Beogh
Jiyva
Lugonu

Shops:
D *[%??*?*:[((!!!!

Annotations:
D Jessica


Message History

You barely miss the worm.
The worm is almost dead.
The worm bites you.
* * * LOW HITPOINT WARNING * * *
You slash the worm!
You kill the worm!
Your Throwing skill increases to level 2!
You hit Jessica.
Jessica is lightly wounded.
Jessica gestures wildly while chanting.
Jessica seems to speed up.
You barely miss Jessica.
Jessica is lightly wounded.
Jessica hits you but does no damage. Jessica closely misses you.
You riposte.
You hit Jessica.
Jessica is heavily wounded.
You barely miss Jessica.
Jessica is heavily wounded.
Jessica hits you.
You die...

##∩.....∩## #∩.......∩#
#_......._# #.........#
#_......._#
###.........###
#⌠...........§#
###.8.........8@######
__......###.....@___∩##
......8.# #.8........∩###
........###J............##
.....###...###..........⌠#
.....# #.<.# #..........⌠#
.....###...###..........⌠#
........###.............##
......8.# #.8........∩###
__......###......__.∩##


You could see Jessica and a neutral jelly (fellow slime).

Vanquished Creatures
  A worm (D)
  A hobgoblin (D)
2 creatures vanquished.

Vanquished Creatures (others)
  Terence (D)
  An orc (D)
2 creatures vanquished.

Grand Total: 4 creatures vanquished

Notes
Turn   | Place    | Note
-------+----------+-------------------------------------------
     0 | D        | diana the Demonspawn Gladiator began the quest for the Orb.
     0 | D        | Reached XP level 1. HP: 16/16 MP: 1/1
     1 | D        | Found a deep blue altar of Sif Muna.
     1 | D        | Found a snail-covered altar of Cheibriados.
     2 | D        | Found a corrupted altar of Lugonu.
     3 | D        | Found a burning altar of Makhleb.
     3 | D        | Found an ancient bone altar of Kikubaaqudgha.
     4 | D        | Found an iron altar of Okawaru.
     4 | D        | Found Qiwn's Staff Store.
     4 | D        | Found Erevoe's Magic Scroll Shop.
     5 | D        | Found an ornate altar of the Wu Jian Council.
     5 | D        | Found Qeimead's Must-Have Magic.
     5 | D        | Found Fuapuem's Magic Scroll Shop.
     5 | D        | Round 1.
    21 | D        | Found a viscous altar of Jiyva.
    25 | D        | Found a glowing silver altar of Zin.
    25 | D        | Found a hide-covered altar of Uskayaw.
    25 | D        | Found Jorut's Delicious Food.
    25 | D        | Found Feathrokh's Jewellery.
    26 | D        | Found Madgh's Advanced Armour.
    28 | D        | Became a worshipper of Jiyva Junine the Shapeless
    29 | D        | Found a roughly hewn altar of Beogh.
    29 | D        | Found a shadowy altar of Dithmenos.
    29 | D        | Found a sacrificial altar of Ru.
    29 | D        | Found Rakibropt's Identification Station.
    43 | D        | Found a bloodstained altar of Trog.
    45 | D        | Found a stormy altar of Qazlal.
    45 | D        | Found an opulent altar of Gozag.
    45 | D        | Found Nilonas's Premium Goods.
    45 | D        | Found Tuane's Miscellaneous Merchandise.
    46 | D        | Found Plog's Basic Armour.
    51 | D        | Found a shimmering altar of Xom.
    51 | D        | Found Puty's Weapon Rack.
    51 | D        | Found a glowing golden altar of the Shining One.
    51 | D        | Found a blossoming altar of Fedhas.
    72 | D        | Found a radiant altar of Vehumet.
    76 | D        | Noticed Terence
    76 | D        | Found a basalt altar of Yredelemnul.
    76 | D        | Found Derrae's Do-It-Yourself Clinic.
    76 | D        | Found Upluewed's Bottled Wisdom.
    77 | D        | Found Avock's Distillery.
    78 | D        | Found Jolaf's Distillery.
    81 | D        | Killed Terence
    82 | D        | Reached * piety under Jiyva
    83 | D        | Reached ** piety under Jiyva
    93 | D        | Noticed Jessica
    97 | D        | Slain by Jessica

Skill      XL: |  1 |
---------------+----+-----
Long Blades    | 3 |  3.5
Dodging        | 3 |  3.2
Throwing       | 2 |  2.0
Fighting       | |  2.3
Armour         | |  0.2

Action                   || total
-------------------------++-------
Melee: Long sword        ||    15
Armor: Leather armour    ||     1
Dodge: Dodged            ||    10
       Rpst.: Long sword ||     4
